 Dungeon Crawl Stone Soup version 0.32-a0-132-g2d33c3cfaf (webtiles) character file.

Game seed: 8961681577871316268

2565 seren the Changeling (level 9, -3/73 HPs)
             Began as a Green Draconian Shapeshifter on Feb 9, 2024.
             Was a Believer of Wu Jian.
             Slain by an orc warrior
             ... wielding a +0 war axe
              (4 damage)
             ... in a bailey.
             The game lasted 00:15:50 (5446 turns).

seren the Changeling (Green Draconian Shapeshifter) Turns: 5446, Time: 00:15:50

Health: -3/73      AC:  7    Str: 23 (24) XL:     9   Next: 31%
Magic:  9/9        EV: 17    Int:  9 (11) God:    Wu Jian [**....]
Gold:   375        SH:  0    Dex: 12 (13) Spells: 8/8 levels left

rFire   . .          .
                       - Unarmed
rCold   . . .        (shield currently unavailable)
rNeg    . . .        (body armour unavailable)
rPois   +            (helmet restricted)
rElec   .            (no cloak)
rCorr   .            (no gloves)
SInv    .            (no boots)
Will    +....        (no amulet)
Stlth   +            i - +6 ring of strength
HPRegen 0.00/turn    (no ring)
MPRegen 0.11/turn

%: no passive effects
@: flux-form, enlightened, flying, inhibited regen, glowing
A: glow, contaminating, breathe noxious fumes, AC +7, unfitting armour, poison
resistance, cold-blooded, inhibited regeneration
a: Breathe Noxious Fumes, Begin Untransformation, Renounce Religion, Wall Jump


You were in a bailey.
You worshipped Wu Jian.
Wu Jian was pleased with you.
You were something dangerously unstable.
You visited 1 branch of the dungeon, and saw 7 of its levels.
You also visited: Bailey.

You collected 375 gold pieces.

Inventory:

Hand Weapons
 e - a +4 whip
Missiles
 q - 6 poisoned darts
 y - 20 boomerangs (quivered)
 B - 3 javelins
Armour
 t - a scarf of harm
 F - a +0 kite shield
Jewellery
 i - a +6 ring of strength (left hand)
Talismans
 b - a beast talisman
 c - a flux talisman (active)
Wands
 r - a wand of iceblast (4)
 A - a wand of quicksilver (13)
Scrolls
 d - 3 scrolls of identify {unknown}
 h - a scroll of brand weapon {unknown}
 j - a scroll of revelation {unknown}
 k - a scroll of teleportation {unknown}
 m - a scroll of amnesia {unknown}
 o - a scroll of enchant weapon {unknown}
 p - a scroll of vulnerability {unknown}
 u - a scroll of enchant armour {unknown}
 D - a scroll of fear {unknown}
Potions
 a - 2 potions of lignification
 f - a potion of mutation {!q}
 l - a potion of berserk rage {unknown}
 n - a potion of degeneration
 s - a potion of brilliance {unknown}
 v - a potion of ambrosia {unknown}
 w - 2 potions of heal wounds {unknown}
 x - a potion of might {unknown}
 z - 2 potions of cancellation {unknown}
 C - a potion of haste {unknown}
 E - a potion of curing {unknown}


   Skills:
 + Level 4.9 Fighting
 + Level 5.4 Dodging
 + Level 6.8 Unarmed Combat
 + Level 3.6 Evocations
 * Level 7.5 Shapeshifting


You had 8 spell levels left.
You didn't know any spells.
Your spell library contained the following spells:

 Spells                   Type           Power      Damage    Failure   Level
 Apportation              Tloc           0%         N/A       38%         1
 Kiss of Death            Conj/Necr      0%         2d5       38%         1
 Magic Dart               Conj           0%         1d3       38%         1
 Necrotise                Necr           0%         1d4       38%         1
 Sting                    Conj/Alch      0%         1d3       38%         1
 Summon Small Mammal      Summ           0%         N/A       38%         1
 Blink                    Tloc           0%         N/A       52%         2
 Call Imp                 Summ           0%         N/A       52%         2
 Confusing Touch          Hex            0%         N/A       77%         3
 Gell's Gravitas          Tloc           0%         N/A       77%         3
 Teleport Other           Tloc           0%         N/A       77%         3
 Dispel Undead            Necr           0%         3d6       99%         4
 Dispersal                Tloc           0%         N/A       100%        6


Dungeon Overview and Level Annotations

Branches:
Dungeon (7/15)             Temple (0/1) D:7          Bailey (1/1)

Altars:
Fedhas
Gozag
Ru
Sif Muna
Trog
Uskayaw
Wu Jian
Xom
Yredelemnul
Zin

Shops:
D:6 (

Annotations:
D:3 altar with books
D:5 3 runed translucent doors, Gruesome's ghost, novice OpEE


Innate Abilities, Weirdness & Mutations

You are something dangerously unstable.
You glow with magical radiation, making you easy to see and hit.
Foes you strike become dangerously contaminated with magical radiation.
You are incapable of wielding weapons or throwing items.
You can breathe blasts of noxious fumes.
Your lurid green scales are hard. (AC +7)
You cannot fit into any form of body armour.
Your system is resistant to poisons. (rPois)
You are cold-blooded and may be slowed by cold attacks.
You do not regenerate when monsters are visible.


Message History

The orc warrior barely misses you.
You barely miss the orc warrior.
The orc warrior is moderately wounded.
The orc warrior misses you. x2
You hit the orc warrior.
The orc warrior shudders as magic cascades through it!
The orc warrior twists and deforms.
The orc warrior is almost dead.
The orc warrior hits you with a +4 morningstar of protection!
The orc warrior hits you with a +0 war axe!
* * * LOW HITPOINT WARNING * * *
You hit the orc warrior.
The orc warrior begins to glow.
The orc warrior is almost dead.
The orc warrior barely misses you. The orc warrior misses you.
You barely miss the orc warrior. You tail-slap the orc warrior.
The orc warrior is almost dead.
The orc warrior hits you with a +4 morningstar of protection!
* * * LOW HITPOINT WARNING * * *
The orc warrior hits you with a +0 war axe!
* * * LOW HITPOINT WARNING * * *
You hit the orc warrior but do no damage.
The orc warrior glows dangerously bright.
The orc warrior is almost dead.
The orc warrior hits you with a +4 morningstar of protection!
* * * LOW HITPOINT WARNING * * *
You hit the orc warrior.
You kill the orc warrior!
The Council accepts your kill.
The orc warrior hits you with a +0 war axe!
* * * LOW HITPOINT WARNING * * *
You feel very buoyant.
You fly up into the air.
The orc warrior completely misses you.
It was a potion of mutation.
You feel extremely strange.
Your regeneration stops near monsters.
The orc warrior hits you but does no damage.
It was a potion of degeneration.
There was something very wrong with that liquid.
You feel weakened.
You feel dopey.
You feel clumsy.
The orc warrior hits you with a +0 war axe.
You die...

#....∩....# #.........#
##.......## ##.....##
###...## ##...####
##.....#### ##.......###
##..∩.p)...####
#.....)o......#
#~≈≈≈≈≈≈≈.........#
≈≈≈≈≈≈≈≈≈≈≈≈≈........
≈≈≈#########≈≈≈≈......
≈≈≈≈∩#..oKggg#∩≈≈≈≈≈≈~..
≈≈## #....ogg####K≈≈~≈≈≈
KK#. ####'####..#K.Koo≈≈
.. ..###...K.


You could see 3 orc warriors, 3 hobgoblins, 2 goblins and 3 kobolds.

Vanquished Creatures
  A troll (D:7)
  Sigmund (D:6)
  A water moccasin (D:6)
  3 orc warriors
  A black bear (D:6)
  2 ogres (D:5)
  A centaur (D:6)
  A phantom (D:5)
  A gnoll sergeant (D:7)
  2 scorpions
  2 bullfrogs (D:6)
  4 wights
  3 killer bees (D:6)
  A howler monkey (D:3)
  A bombardier beetle (D:5)
  An orc priest (D:5)
  6 hounds
  A sleepcap (D:4)
  2 iguanas
  3 orc wizards
  4 gnolls
  11 adders
  A shadow imp (D:6)
  2 white imps
  2 ufetubi (D:7)
  3 dart slugs
  3 ribbon worms (D:2)
  11 orcs
  3 bats (D:1)
  2 endoplasms
  5 giant cockroaches
  13 goblins
  10 hobgoblins
  14 jackals
  5 quokkas
  3 ball pythons (D:2)
  3 frilled lizards
  8 kobolds
  4 rats
145 creatures vanquished.

Vanquished Creatures (others)
  A killer bee (D:6)
1 creature vanquished.

Grand Total: 146 creatures vanquished

Notes
Turn   | Place    | Note
-------+----------+-------------------------------------------
     0 | D:1      | seren the Draconian Shapeshifter began the quest for the
                  | Orb.
     0 | D:1      | Reached XP level 1. HP: 16/16 MP: 1/1
    52 | D:1      | Found a faded altar of an unknown god.
   207 | D:1      | Reached XP level 2. HP: 23/23 MP: 2/2
   331 | D:1      | Reached XP level 3. HP: 24/29 MP: 3/3
   898 | D:2      | Reached XP level 4. HP: 30/36 MP: 4/4
  1916 | D:3      | Found a shimmering blue altar of Sif Muna.
  2128 | D:3      | Reached XP level 5. HP: 24/42 MP: 5/5
  2675 | D:4      | Found a shimmering altar of Xom.
  2678 | D:4      | Found a basalt altar of Yredelemnul.
  2688 | D:4      | Found a bloodstained altar of Trog.
  2689 | D:4      | Found a glowing silver altar of Zin.
  2690 | D:4      | Found an ornate altar of the Wu Jian Council.
  2693 | D:4      | Found a sacrificial altar of Ru.
  2696 | D:4      | Became a worshipper of the Wu Jian Council
  2700 | D:4      | Found a blossoming altar of Fedhas.
  2726 | D:4      | Reached skill level 4 in Shapeshifting
  2726 | D:4      | Reached XP level 6. HP: 51/51 MP: 6/6
  2934 | D:5      | Entered Level 5 of the Dungeon
  3123 | D:5      | Reached skill level 5 in Unarmed Combat
  3225 | D:5      | Your scales start taking on a lurid green colour.
  3225 | D:5      | Reached XP level 7. HP: 58/58 MP: 7/7
  3225 | D:5      | Gained mutation: Your system is resistant to poisons.
                  | (rPois) [Green Draconian growth]
  3373 | D:5      | Noticed Gruesome's ghost (novice OpEE)
  3374 | D:5      | Found a runed translucent gate.
  3375 | D:5      | Found a runed translucent gate.
  3376 | D:5      | Found a runed translucent gate.
  3444 | D:5      | Reached skill level 5 in Shapeshifting
  4116 | D:6      | Reached skill level 1 in Evocations
  4116 | D:6      | Reached XP level 8. HP: 66/66 MP: 8/8
  4131 | D:6      | Reached * piety under Wu Jian
  4142 | D:6      | Found an opulent altar of Gozag.
  4252 | D:6      | Found a hide-covered altar of Uskayaw.
  4400 | D:5      | Reached skill level 6 in Shapeshifting
  4505 | D:6      | Noticed Sigmund
  4513 | D:6      | Killed Sigmund
  4913 | D:6      | Reached skill level 5 in Dodging
  4913 | D:6      | Reached skill level 7 in Shapeshifting
  5015 | D:6      | Found Kappa's Antique Weapon Boutique.
  5075 | D:6      | Reached XP level 9. HP: 71/72 MP: 9/9
  5234 | D:7      | Found a staircase to the Ecumenical Temple.
  5234 | D:7      | Noticed a troll
  5244 | D:7      | Killed a troll
  5347 | D:7      | Found a flagged portal.
  5376 | Bailey   | Entered a bailey
  5407 | Bailey   | Reached ** piety under Wu Jian
  5443 | Bailey   | HP: 1/73 [orc warrior/+0 war axe (13)]
  5445 | Bailey   | Gained mutation: You do not regenerate when monsters are
                  | visible. [potion of mutation]
  5446 | Bailey   | Slain by an orc warrior

Illustrated notes

Levels and vault maps discovered:
D:1:      tarquinn_simple_flora_water_b, layout_loops_ring,
          ebering_ecumenical_altar_rust
D:2:      layout_basic
D:3:      layout_basic, nicolae_sif_muna_little_library
D:4:      layout_cave_pools, nicolae_overflow_hallway_of_the_gods,
          amethyst_killhole, minivault_1, grunt_decor_fettered, minmay_cupped
D:5:      layout_loops_ring, biasface_ghost_orc_armoury, minmay_pentangle
D:6:      layout_rooms, lemuel_round_altar, nicolae_uskayaw_dance_hall,
          serial_shops, nicolae_shop_back_alley_shop, uniq_sigmund
D:7:      layout_loops_ring, minmay_temple_entry_junction, enter_bailey_5
Bailey:   bailey_axe_4, bailey

Skill      XL: |  1  2  3  4  5  6  7  8 |
---------------+-------------------------+-----
Dodging        | 2 3 4 5 |  5.4
Fighting       | 2 3 4 |  4.9
Unarmed Combat | 4 5 6 |  6.8
Shapeshifting  | 4 5 7 |  7.5
Evocations     | 1 3 |  3.6

Action                     |  1- 3 |  4- 6 |  7- 9 || total
---------------------------+-------+-------+-------++-------
  Melee: Unarmed           |    78 |   139 |   198 ||   415
         Tailslap          |     8 |    16 |    32 ||    56
         Punch             |       |     7 |     2 ||     9
  Throw: Boomerang         |       |       |     6 ||     6
Ability: Lunge             |       |     2 |    14 ||    16
         Breathe Noxious F |       |       |    11 ||    11
         Whirlwind         |       |       |     5 ||     5
         Begin Untransform |       |       |     1 ||     1
    Use: Potion            |       |       |     3 ||     3
   Stab: Sleeping          |     1 |     2 |       ||     3
         Confused          |       |       |     7 ||     7
 Armour: Skin              |    47 |    67 |    98 ||   212
  Dodge: Dodged            |    33 |    60 |   151 ||   244
   Form: Flux              |       |       |     2 ||     2

Table legend: (Time is in decaauts)
 A = Elapsed time spent in this place.
 B = Non-inter-level travel time spent in this place.
 C = Inter-level travel time spent in this place.
 D = Time resting spent in this place.
 E = Time spent auto-exploring this place.
 F = Levels seen in this place.
 G = Mean time per level.
                   A        B        C        D        E       F      G
               +--------+--------+--------+--------+--------+-----+--------+
         Total |   5419 |   5204 |    215 |    494 |   3115 |   8 |  677.4 |
       Dungeon |   5349 |   5134 |    215 |    494 |   3115 |   7 |  764.1 |
        Bailey |     70 |     70 |      0 |      0 |      0 |   1 |   70.0 |
               +--------+--------+--------+--------+--------+-----+--------+

Top non-repeatable levels by time:
     D:5: 1116 daAuts
     D:6: 986 daAuts
     D:3: 901 daAuts
     D:1: 714 daAuts
     D:2: 689 daAuts
     D:4: 663 daAuts
     D:7: 277 daAuts
  Bailey: 70 daAuts
